 Dungeon Crawl Stone Soup version 0.28-a0-706-gf6f64a616a (webtiles) character file.

Game seed: 1317388605760841074

505794 rogsnak the Sorcerer (level 26, -6/195 HPs)
             Began as a Djinni Hedge Wizard on Oct 22, 2021.
             Was the Champion of Makhleb.
             Mangled by Cerebov (66 damage)
             ... in Pandemonium on Oct 25, 2021.
             The game lasted 06:18:42 (49290 turns).

rogsnak the Sorcerer (Djinni Hedge Wizard)         Turns: 49290, Time: 06:18:42

Health: -6/195     AC: 29    Str: 11    XL:     26   Next: 64%
Gold:   3915       EV: 10    Int: 38    God:    Makhleb [******] SH: 16 Dex: 22

rFire   + + +      SeeInvis +   N - +11 mace of Prescription {flame, rF+ Dex+4}
rCold   + . .      Faith    .   V - +1 kite shield {rN+}
rNeg    + . .      Spirit   .   F - +9 chain mail of Resourcefulness {+Inv Regen+ Int+10 Dex-5}
rPois   ∞          Reflect  .   C - +1 hat {SInv}
rElec   .          Harm     .   a - +2 cloak {Will+}
rCorr   +          Rampage  .   m - +0 pair of gloves
Will    +++..                   (boots unavailable)
Stlth   ..........              h - amulet of regeneration
HPRegen 2.42/turn               H - ring "Kameof" {rC++ Dex+6}
MPRegen 0.00/turn               w - ring "Tutissiu" {rCorr Int+4}

@: flying
A: sickness immunity, fire resistance 2, cold vulnerability 1, float, innate
caster, hp casting, extra vitality 1, fangs 1, strong 1, MP-powered wands
}: 2/15 runes: decaying, gossamer
a: Renounce Religion, Evoke Invisibility, Minor Destruction, Lesser Servant of
Makhleb, Major Destruction, Greater Servant of Makhleb


You were in Pandemonium.
You worshipped Makhleb.
Makhleb was exalted by your worship.
You visited 11 branches of the dungeon, and saw 49 of its levels.
You visited Pandemonium 1 time, and saw 3 of its levels.
You also visited: Wizlab.

You collected 7589 gold pieces.
You spent 3674 gold pieces at shops.

Inventory:

Hand Weapons
 g - a +4 war axe of freezing
 t - the +8 whip "Snakebite" {venom, curare, rPois}
   (You took it off a deep elf zephyrmancer on level 3 of the Elven Halls)

   It poisons the flesh of those it strikes.
   It occasionally inflicts asphyxiating poison on those it strikes, dealing
   poison damage and causing slowness.
   rPois:     It protects you from poison.
 D - the +9 sword of Zonguldrok {reap}
   (You found it in a wizard's laboratory)

   Any living foe damaged by it may be reanimated upon death as a zombie
   friendly to the wielder, with an increasing chance as more damage is dealt.
 M - the +8 shortbow of Fundamental Breach {freeze, Int+4}
   (You took it off a spriggan on level 4 of the Swamp)

   Any ammunition fired from it freezes those it strikes, dealing additional
   cold damage.
   It can also slow down cold-blooded creatures.
   Int:       It affects your intelligence (+4).
 N - the +11 mace of Prescription (weapon) {flame, rF+ Dex+4}
   (You found it on level 1 of the Elven Halls)

   It burns those it strikes, dealing additional fire damage.
   Dex:       It affects your dexterity (+4).
   rF:        It protects you from fire.
 W - a +6 spectral demon trident
Missiles
 s - 4 boomerangs of dispersal
Armour
 a - a +2 cloak of willpower (worn)
 m - a +0 pair of gloves (worn)
 p - the +4 scale mail of the Armoured One {rCorr Int+2 Slay+6}
   (You found it on level 3 of the Elven Halls)

   Int:       It affects your intelligence (+2).
   Slay:      It affects your accuracy & damage with ranged weapons and melee
   (+6).
   rCorr:     It protects you from acid and corrosion.
 C - a +1 hat of see invisible (worn)
 F - the +9 chain mail of Resourcefulness (worn) {+Inv Regen+ Int+10 Dex-5}
   (You found it on level 9 of the Dungeon)

   Int:       It affects your intelligence (+10).
   Dex:       It affects your dexterity (-5).
   +Inv:      It lets you turn invisible.
   Regen:     It increases your rate of health regeneration.
 O - +0 ice dragon scales
 Q - the +0 faerie dragon scales {rC+ rN+ Regen+ rCorr SInv}
   (You took it off the Enchantress on level 3 of the Depths)

   rC:        It protects you from cold.
   rN:        It protects you from negative energy.
   SInv:      It lets you see invisible.
   Regen:     It increases your rate of health regeneration.
   rCorr:     It protects you from acid and corrosion.
 T - the +7 chain mail "Dyjoicil" {+Blink Regen+ SInv}
   (You found it on level 2 of the Spider Nest)

   SInv:      It lets you see invisible.
   +Blink:    It lets you blink.
   Regen:     It increases your rate of health regeneration.
 V - a +1 kite shield of positive energy (worn)
Magical Staves
 J - a staff of air
Jewellery
 h - an amulet of regeneration (around neck)
 n - a +6 ring of intelligence
 u - the ring "Otadohuu" {rN+ Int+4}
   (You found it on level 3 of the Spider Nest)

   [ring of positive energy]

   Int:       It affects your intelligence (+4).
   rN:        It protects you from negative energy.
 w - the ring "Tutissiu" (right hand) {rCorr Int+4}
   (You found it on level 11 of the Dungeon)

   [ring of resist corrosion]

   Int:       It affects your intelligence (+4).
   rCorr:     It protects you from acid and corrosion.
 H - the ring "Kameof" (left hand) {rC++ Dex+6}
   (You acquired it on level 1 of the Vaults)

   [ring of dexterity]

   Dex:       It affects your dexterity (+6).
   rC:        It greatly protects you from cold.
 K - the ring of Suspected Treachery {rF+ Dex+6 SInv}
   (You took it off a spriggan berserker on level 3 of the Depths)

   [ring of dexterity]

   Dex:       It affects your dexterity (+6).
   rF:        It protects you from fire.
   SInv:      It lets you see invisible.
Wands
 c - a wand of digging (2)
 j - a wand of acid (61)
 o - a wand of polymorph (27)
 E - a wand of iceblast (66)
 R - a wand of flame (99)
 Z - a wand of paralysis (36)
Scrolls
 b - 3 scrolls of holy word
 d - a scroll of summoning
 e - 12 scrolls of teleportation
 k - 7 scrolls of magic mapping
 l - 5 scrolls of silence
 r - 6 scrolls of enchant armour
 x - 3 scrolls of fear
 y - 5 scrolls of fog
 I - 4 scrolls of enchant weapon
 L - 4 scrolls of blinking
 X - 8 scrolls of immolation
 Y - 3 scrolls of brand weapon
Potions
 f - 6 potions of invisibility
 i - 7 potions of heal wounds
 q - 10 potions of might
 v - 3 potions of berserk rage
 z - 16 potions of curing
 A - 12 potions of brilliance
 B - 8 potions of haste
 G - 3 potions of cancellation
 P - 3 potions of mutation
 U - a potion of resistance
Miscellaneous
 S - a phantom mirror


   Skills:
 * Level 18.4 Fighting
 - Level 0.1 Long Blades
 + Level 15.7 Armour
 + Level 9.5 Dodging
 - Level 2.0 Stealth
 + Level 15.4 Shields
 + Level 26.7 Spellcasting
 * Level 9.5 Invocations
 + Level 0.2 Evocations


You had 5 spell levels left.
You knew the following spells:

 Your Spells              Type           Power      Damage    Failure   Level
a - Magic Dart            Conj           100%       1d8       0%          1
b - Blink                 Tloc           100%       N/A       0%          2
c - Call Imp              Summ           100%       N/A       0%          2
d - Slow                  Hex            100%       N/A       0%          2
e - Conjure Flame         Conj/Fire      100%       6-21      0%          3
f - Mephitic Cloud        Conj/Pois/Air  100%       N/A       0%          3
g - Foxfire               Conj/Fire      100%       2x1d9     0%          1
h - Poisonous Vapours     Pois/Air       100%       N/A       0%          2
i - Portal Projectile     Hex/Tloc       100%       N/A       0%          3
j - Gell's Gravitas       Tloc           65%        N/A       0%          3
k - Irradiate             Conj/Tmut      65%        3d35      0%          5
l - Silence               Hex/Air        65%        N/A       0%          5
m - Summon Cactus Giant   Summ           65%        N/A       0%          6
n - Statue Form           Tmut/Erth      86%        N/A       0%          6
o - Haunt                 Necr/Summ      65%        N/A       1%          7
p - Orb of Destruction    Conj           65%        9d18      1%          7
q - Dragon Form           Tmut           65%        N/A       1%          7
r - Borgnjor's Revivific  Necr           65%        N/A       1%          8
Your spell library was empty.

Dungeon Overview and Level Annotations

Branches:
Dungeon (15/15)            Temple (1/1) D:5            Lair (6/6) D:8
  Swamp (4/4) Lair:4       Spider (4/4) Lair:2        Slime (5/5) Lair:5
    Orc (2/2) D:12            Elf (3/3) Orc:2        Vaults (4/5) D:13
  Crypt (1/3) Vaults:3     Depths (4/4) D:15            Zot (0/5) Depths:4
 WizLab (visited)

Altars:
Ashenzari
Cheibriados
Dithmenos
Elyvilon
Fedhas
Gozag
Hepliaklqana
Kikubaaqudgha
Makhleb
Nemelex Xobeh
Okawaru
Qazlal
Ru
Sif Muna
Trog
Uskayaw
Vehumet
Wu Jian
Xom
Yredelemnul
Zin
The Shining One
Beogh
Jiyva

Shops:
D:4 :   D:7 [   D:12 :   D:14 (   Orc:2 ?*[(   Vaults:1 *!?:[

Portals:
Hell: Depths:1 Depths:2 Depths:3 Depths:4
Abyss: Depths:1 Depths:3
Pandemonium: Depths:2
Ziggurat: Depths:2
Trove: Depths:3 (give 11 potions of heal wounds)

Annotations:
D:15 2 transporters, Zos Rek's ghost, adept DEFE
Spider:3 freelancePsychic's ghost, adept FoFi
Slime:5 Royal Jelly
Pan Cerebov


Innate Abilities, Weirdness & Mutations

You are immune to sickness and miasma.
You are immune to poison.
Your flesh is very heat resistant. (rF++)
You are vulnerable to cold. (rC-)
You float through the air rather than walking.
You learn spells naturally, not from books.
Your magical power is your life essence.
You have superior vitality. (+4 HP)
You have very sharp teeth.
Your muscles are strong. (Str +2)
You expend health (3 HP) to strengthen your wands.


Message History

The balrug seems to slow down.
Unknown command.
You are engulfed in blazing flames.
You resist.
* * * LOW HITPOINT WARNING * * *
Your freezing wraith hits the balrug!
Your freezing wraith freezes the balrug!!
The balrug is frozen!
Your freezing wraith completely misses the balrug.
Unknown command.
Your freezing wraith hits the balrug but does no damage.
Your freezing wraith misses the balrug.
Your wraith closely misses the balrug.
Aiming: Iceblast
Press: ? - help, Shift-Dir - straight line, f/p - Cerebov
Aim: Cerebov, wielding the +6 sword of Cerebov {flame} (moderately wounded, fast, strong, slow, ally target)
You feel a surge of power!
The mass of ice explodes!
The iceblast engulfs Cerebov.
Cerebov is moderately wounded.
* * * LOW HITPOINT WARNING * * *
Cerebov is no longer moving slowly.
Unknown command.
Unknown command.
Unknown command.
You hit Cerebov but do no damage.
Cerebov is moderately wounded.
Cerebov gestures.
You block Cerebov's attack.
Your wraith hits the fire vortex!
Your wraith drains the fire vortex's vigour!
The fire vortex seems to slow down.
Unknown command.
You hit Cerebov but do no damage. You bite Cerebov, but do no damage.
Cerebov is moderately wounded.
The balrug disappears in a puff of smoke! x2
You block Cerebov's attack.
Your freezing wraith hits the fire vortex!
Your freezing wraith freezes the fire vortex!!
The fire vortex is frozen!
The fire vortex dissipates!
Cerebov hits you with the +6 sword of Cerebov {flame}!!!
You die...

....# ###...### #.....#
....#####.......#####.....#
..........................#
.............WW...v.......#
.............W☼)..........#
...............2§..)......#
..........v...2§2.........#
..##..#.........&.###.#####
......##########@.....#
##..............1.....#
#.....#####..).))....#
#.....# #)...).....#
#.....#####....).....# #.?
.................# #.
.................# #
...........).....#
.................#


You could see Cerebov (fast, strong, ally target), a Brimstone Fiend (summoned),
a balrug (summoned), 2 hellions, 2 fire vortices, a friendly freezing wraith
(summoned) and 2 friendly wraiths.

Vanquished Creatures
  2 juggernauts (Depths:2)
  Xtahua (Depths:3)
  A golden dragon (Depths:3)
  2 Brimstone Fiends (Pan)
  2 tentacled monstrosities
  A lich (Depths:2)
  2 deep elf blademasters
  2 titans
  A walking frostbound tome (Depths:2)
  6 acid blobs
  2 deep elf master archers (Elf:3)
  A walking divine tome (Depths:3)
  An Executioner (Pan)
  2 shadow dragons
  A thorn hunter (Swamp:2)
  2 tengu reavers
  Roxanne (D:15)
  3 storm dragons
  3 sphinxes
  A fenstrider witch (Swamp:4)
  A pandemonium lord (Pan)
  Gastronok (Lair:3)
  3 rockslimes
  4 azure jellies
  A ghost moth (Spider:1)
  4 fire giants
  11 frost giants
  6 vault wardens
  An iron dragon (Depths:4)
  6 balrugs (Pan)
  8 deep elf sorcerers
  6 deep elf elementalists (Elf:3)
  A draconian stormcaller (Depths:4)
  3 emperor scorpions (Spider:4)
  9 ironbound preservers
  5 spriggan defenders
  A war gargoyle (Vaults:3)
  7 very ugly things
  8 quicksilver oozes
  5 stone giants
  2 green draconians (Depths:4)
  4 deep elf demonologists
  Nessos (D:14)
  2 vampire knights
  9 dire elephants
  7 deep elf annihilators
  A bunyip (Swamp:4)
  10 spark wasps
  A purple draconian (Depths:4)
  2 entropy weavers
  3 black draconians (Depths:4)
  A merfolk javelineer (Depths:3)
  An eleionoma (shapeshifter) (Depths:2)
  5 deep elf death magi (Elf:3)
  6 ettins
  3 eleionomae
  A merfolk impaler (Depths:3)
  3 yaktaur captains
  3 fire dragons
  5 deep elf high priests
  9 great orbs of eyes
  10 hydras
  7 boulder beetles
  7 ice dragons
  8 ironbound thunderhulks
  8 vault guards
  3 rakshasas
  6 spriggan air magi
  Harold (D:10)
  3 ghost crabs
  2 peacekeepers (Vaults:3)
  Erica (D:11)
  A catoblepas (D:13)
  12 ironbound frosthearts
  11 centaur warriors
  5 alligators
  7 two-headed ogres
  2 deep troll shamans
  21 dancing weapons
  4 deep troll earth magi
  4 orc high priests
  A death knight (D:11)
  10 spriggan berserkers
  5 tengu warriors
  Sonja (Orc:2)
  A soul eater (Pan)
  17 spriggans
  13 deep elf knights
  6 hell knights
  13 sun demons (Pan)
  4 iron trolls
  5 skeletal warriors
  2 flayed ghosts (Depths:2)
  4 goliath frogs
  2 shadow demons (Pan)
  A glowing orange brain (Depths:4)
  32 deep trolls
  2 spriggan druids (Swamp:1)
  14 ironbound convokers
  9 orc knights
  5 bog bodies
  10 deep elf archers
  11 lindwurms
  31 deep elf pyromancers
  22 deep elf zephyrmancers
  6 wizards
  4 necromancers
  13 wolf spiders
  2 harpies (Vaults:2)
  A sphinx zombie (Vaults:1)
  6 cyclopes
  2 shining eyes
  26 ugly things
  2 orc sorcerers
  A moth of wrath (Lair:5)
  17 orb spiders
  5 manticores
  2 will-o-the-wisps
  A salamander (Depths:4)
  7 elephants
  2 eyes of devastation
  9 vault sentinels
  4 orange demons
  A smoke demon (Pan)
  3 black mambas
  4 torpor snails (Lair:6)
  4 cane toads
  An unseen horror (D:11)
  3 freezing wraiths
  3 komodo dragons
  13 yaktaurs
  A nameless horror (Swamp:1)
  3 rime drakes
  2 hellwings (Pan)
  A human skeleton (Vaults:1)
  5 efreet
  5 tengu conjurers
  27 jumping spiders
  9 demonic crawlers
  6 tyrant leeches
  3 meliai (D:12)
  6 trolls
  A queen bee (D:12)
  27 hornets
  8 polar bears (Lair:6)
  Grinder (D:3)
  10 blink frogs
  33 slime creatures
  A frost giant simulacrum (Vaults:1)
  An air elemental (Elf:3)
  50 redbacks
  2 shadows
  33 tarantellas
  6 water elementals
  5 wraiths
  45 yaks
  4 basilisks
  A vampire (WizLab)
  A chaos spawn (Pan)
  4 fire bats (Lair:3)
  2 fire elementals
  A human (shapeshifter) (D:15)
  3 large abominations (Pan)
  3 wyverns
  2 ynoxinuls (Pan)
  12 vampire mosquitoes
  5 swamp worm simulacra (Swamp:4)
  4 wargs
  An elf simulacrum (Vaults:1)
  A two-headed ogre zombie (WizLab)
  14 swamp worms
  An acid dragon (D:11)
  10 water moccasins
  A floating eye (Depths:3)
  13 hydra simulacra (Swamp:4)
  9 hell hounds (Lair:6)
  35 orc warriors
  A swamp drake (Swamp:1)
  2 ice beasts
  8 black bears (Lair:6)
  19 centaurs
  14 wolves
  The ghost of voltaire321 the Charlatan, an amateur DsAr (D:3)
  7 ogres
  11 bullfrogs
  3 gnoll sergeants
  4 scorpions
  A human simulacrum (Vaults:1)
  2 troll zombies (WizLab)
  34 killer bees
  6 wights
  6 electric eels
  4 centaur zombies
  4 howler monkeys
  3 lava snakes (Lair:3)
  6 crimson imps (Pan)
  A bullfrog zombie (D:4)
  25 orc priests
  3 centaur skeletons
  2 gnoll shamans (D:8)
  Crazy Yiuf (D:4)
  2 hounds (D:5)
  8 jellies
  9 orc wizards
  An iguana (D:4)
  A killer bee zombie (D:7)
  6 ogre zombies (WizLab)
  22 gnolls
  8 adders
  A shadow imp (D:6)
  3 swamp drake simulacra (Swamp:4)
  3 ufetubi
  An adder skeleton (D:4)
  2 dart slugs
  88 orcs
  4 endoplasms
  2 giant cockroaches (D:1)
  5 goblins
  8 hobgoblins
  4 jackals (D:1)
  5 kobolds
  2 quokkas
  5 ball pythons
  4 bats
  A frilled lizard (D:2)
  6 rats
  2 rat zombies (D:10)
  A butterfly (Lair:6)
  A fire vortex (Pan)
  12 foxfires
1496 creatures vanquished.

Vanquished Creatures (collateral kills)
  Dissolution (Slime:5)
  Mara (Vaults:2)
  An ancient lich (WizLab)
  A golden dragon (Depths:1)
  the Enchantress (Depths:3)
  A bone dragon (Depths:4)
  A tentacled monstrosity (Swamp:4)
  Rupert (Spider:1)
  A lich (Depths:3)
  Asterion (Elf:2)
  The ghost of Hoshis the Marksminotaur, an adept MiBe of Trog (Spider:3)
  2 titans (Depths:2)
  A walking divine tome (Depths:3)
  7 acid blobs
  An Executioner (Pan)
  An ancient champion (WizLab)
  A sphinx (Depths:2)
  The ghost of Pauttozis the Markscentaur, an adept CeHu of Okawaru (Spider:3)
  2 rockslimes (Slime:4)
  2 shadow dragons (Depths:4)
  A storm dragon (Depths:2)
  4 fire giants
  6 azure jellies
  4 deep elf sorcerers (Elf:3)
  The ghost of spiderkeys the Fighter, an adept VSAK of Lugonu (Spider:3)
  A draconian scorcher (Depths:4)
  10 balrugs (Pan)
  2 orc warlords
  3 vault wardens
  3 ghost moths (Spider:4)
  6 emperor scorpions
  A deep elf elementalist (Elf:3)
  4 ironbound preservers
  A demonspawn corrupter (Pan)
  3 quicksilver oozes
  2 spriggan defenders (Depths:3)
  A war gargoyle (Vaults:3)
  8 very ugly things
  3 deep elf demonologists
  7 dire elephants (Vaults:3)
  2 entropy weavers
  A bunyip (Swamp:4)
  A deep elf annihilator (Elf:3)
  4 spark wasps
  4 deep elf death magi
  2 eleionomae
  2 green deaths (Pan)
  4 fire dragons
  4 ettins
  3 yaktaur captains
  2 great orbs of eyes
  A boulder beetle (Spider:3)
  4 vault guards
  A rakshasa (Depths:1)
  An ironbound thunderhulk (Vaults:1)
  3 spriggan air magi
  4 hydras
  A centaur warrior (Vaults:3)
  An ice dragon (Swamp:4)
  2 ironbound frosthearts (Vaults:2)
  12 dancing weapons
  8 alligators
  2 tengu warriors
  2 deep troll shamans
  2 deep troll earth magi
  2 orc high priests (Orc:2)
  2 spriggan berserkers
  5 hell knights
  9 deep elf knights
  18 sun demons (Pan)
  2 iron trolls
  10 deep trolls
  2 skeletal warriors (WizLab)
  A goliath frog (Swamp:1)
  A glowing orange brain (Depths:1)
  A wizard (Vaults:1)
  A swamp dragon (Swamp:4)
  3 orc knights
  A flayed ghost (Vaults:2)
  A spriggan druid (Swamp:4)
  5 bog bodies
  4 ironbound convokers
  11 deep elf archers
  An orange crystal statue (Elf:1)
  8 deep elf pyromancers
  6 ugly things
  12 deep elf zephyrmancers
  4 harpies (Vaults:2)
  An orb spider (Spider:1)
  11 wolf spiders
  A shining eye (Slime:5)
  5 will-o-the-wisps
  A moth of wrath (Spider:1)
  2 black mambas (Lair:6)
  6 elephants
  3 smoke demons (Pan)
  A vault sentinel (Vaults:1)
  6 cane toads
  An orange demon (Pan)
  3 torpor snails
  2 efreet (Pan)
  9 demonic crawlers
  4 komodo dragons
  A tengu conjurer (Depths:4)
  2 freezing wraiths (Swamp:4)
  3 yaktaurs (Vaults:1)
  A hellwing (Pan)
  4 polar bears
  14 hornets
  8 jumping spiders
  8 tyrant leeches
  26 slime creatures
  4 nameless horrors
  A raiju (Lair:6)
  A dream sheep (Lair:6)
  5 blink frogs
  2 water elementals
  10 tarantellas
  3 ynoxinuls (Pan)
  23 redbacks
  15 spriggans
  43 yaks
  3 vampires (WizLab)
  A basilisk (Lair:3)
  2 vampire mosquitoes (Swamp:4)
  2 two-headed ogre zombies (WizLab)
  4 wargs (Lair:6)
  3 hydra simulacra (Swamp:4)
  2 swamp worms (Swamp:3)
  4 water moccasins
  5 hell hounds (Lair:6)
  A floating eye (shapeshifter) (Depths:3)
  7 orc warriors
  3 black bears (Lair:6)
  An ogre (Orc:2)
  13 wolves
  3 bullfrogs
  2 earth elementals
  6 troll zombies (WizLab)
  A wight (WizLab)
  2 jellies (Lair:5)
  4 orc priests
  An orc wizard (Orc:2)
  3 ogre zombies (WizLab)
  An orc (Orc:2)
  2 endoplasms (Lair:5)
  A fire vortex (Pan)
  5 foxfires
595 creatures vanquished.

Vanquished Creatures (others)
  An ice dragon (Depths:3)
  A vault guard (D:13)
  A dancing weapon (Elf:1)
  A tengu warrior (D:13)
  2 deep elf knights
  A swamp dragon (Swamp:3)
  A deep elf pyromancer (Elf:1)
  An unseen horror (D:13)
  A bloated husk (Swamp:2)
  A slime creature (D:13)
  A redback (Spider:4)
  2 tarantellas
  A neqoxec (Pan)
  A swamp worm (Swamp:4)
  An electric eel (Spider:3)
  4 briar patches (Swamp:2)
  2 bushes (Lair:5)
  4 fire vortices (Pan)
  1339 foxfires
  45 fungi
  2 lurking horrors (Slime:3)
  69 plants
  2 withered plants (Spider:3)
1484 creatures vanquished.

Grand Total: 3575 creatures vanquished

Notes
Turn   | Place    | Note
-------+----------+-------------------------------------------
     0 | D:1      | rogsnak the Djinni Hedge Wizard began the quest for the
                  | Orb.
     0 | D:1      | Reached XP level 1. HP: 15/15 MP: 0/0
   189 | D:1      | Reached XP level 2. HP: 10/21 MP: 0/0
   742 | D:1      | Reached skill level 3 in Spellcasting
  1026 | D:1      | Found a faded altar of an unknown god.
  1081 | D:1      | Reached XP level 3. HP: 23/25 MP: 0/0
  1081 | D:1      | Learned a level 1 spell: Foxfire
  2164 | D:2      | Reached XP level 4. HP: 31/31 MP: 0/0
  2635 | D:3      | Noticed voltaire321's ghost (amateur DsAr)
  2805 | D:3      | Found a runed translucent door.
  2831 | D:3      | Killed voltaire321's ghost
  2832 | D:3      | Reached skill level 4 in Spellcasting
  2832 | D:3      | Reached XP level 5. HP: 24/35 MP: 0/0
  2832 | D:3      | Learned a level 2 spell: Poisonous Vapours
  3261 | D:3      | Reached XP level 6. HP: 40/40 MP: 0/0
  3289 | D:3      | Noticed Grinder
  3363 | D:3      | Killed Grinder
  3364 | D:3      | Reached skill level 5 in Spellcasting
  3364 | D:3      | Reached XP level 7. HP: 45/45 MP: 0/0
  3364 | D:3      | Learned a level 3 spell: Portal Projectile
  3770 | D:4      | Found a runed translucent door.
  3771 | D:4      | Noticed Crazy Yiuf
  3784 | D:4      | Killed Crazy Yiuf
  3994 | D:4      | Found Muomoa's Book Boutique.
  4062 | D:4      | Reached skill level 6 in Spellcasting
  4418 | D:5      | Entered Level 5 of the Dungeon
  4529 | D:5      | Found a staircase to the Ecumenical Temple.
  4538 | Temple   | Entered the Ecumenical Temple
  4631 | Temple   | Became a worshipper of Makhleb the Destroyer
  4922 | D:5      | Reached XP level 8. HP: 48/51 MP: 0/0
  5386 | D:6      | Reached skill level 1 in Fighting
  5603 | D:6      | Reached skill level 7 in Spellcasting
  5617 | D:6      | Noticed a wraith
  5644 | D:6      | Killed a wraith
  5721 | D:6      | Noticed a two-headed ogre
  5774 | D:6      | Killed a two-headed ogre
  5775 | D:6      | Reached skill level 8 in Spellcasting
  5775 | D:6      | Reached XP level 9. HP: 47/59 MP: 0/0
  5775 | D:6      | Learned a level 3 spell: Gell's Gravitas
  6073 | D:7      | Reached * piety under Makhleb
  6210 | D:7      | Reached skill level 9 in Spellcasting
  6414 | D:7      | Found Qoriytz's Antique Armour Boutique.
  6649 | D:8      | Reached XP level 10. HP: 55/67 MP: 0/0
  6686 | D:8      | Found a staircase to the Lair.
  7025 | D:8      | Reached ** piety under Makhleb
  7400 | D:9      | Reached skill level 10 in Spellcasting
  7688 | D:9      | Reached skill level 5 in Dodging
  7773 | D:9      | Identified the +9 chain mail of Resourcefulness {+Inv
                  | Regen+ Int+10 Dex-5}
  8230 | D:10     | Entered Level 10 of the Dungeon
  8458 | D:10     | Noticed Harold
  8488 | D:10     | Killed Harold
  8489 | D:10     | Reached skill level 1 in Armour
  8489 | D:10     | Reached skill level 11 in Spellcasting
  8690 | D:10     | Noticed a two-headed ogre
  8697 | D:10     | Killed a two-headed ogre
  8698 | D:10     | Reached XP level 11. HP: 72/72 MP: 0/0
  8698 | D:10     | Learned a level 5 spell: Irradiate
  9075 | D:11     | Noticed Erica
  9093 | D:11     | Killed Erica
  9218 | D:11     | Reached skill level 12 in Spellcasting
  9319 | D:11     | Reached *** piety under Makhleb
  9469 | D:11     | Noticed a purple ugly thing
  9470 | D:11     | Noticed a boulder beetle
  9509 | D:11     | Killed a purple ugly thing
  9513 | D:11     | Noticed a cyclops
  9522 | D:11     | Killed a boulder beetle
  9545 | D:11     | Killed a cyclops
  9573 | D:11     | Reached XP level 12. HP: 78/79 MP: 0/0
  9648 | D:11     | Reached skill level 13 in Spellcasting
  9709 | D:11     | Noticed a two-headed ogre
  9750 | D:11     | Killed a two-headed ogre
  9756 | D:11     | Reached skill level 5 in Fighting
  9762 | D:11     | Noticed a boulder beetle
  9781 | D:11     | Killed a boulder beetle
  9922 | D:11     | Identified the ring "Tutissiu" {rCorr Int+4}
  9952 | D:11     | Noticed an eight-headed hydra
  9960 | D:11     | Noticed a death knight
  9961 | D:11     | Killed a six-headed hydra
  9962 | D:11     | Reached skill level 5 in Armour
  9993 | D:11     | Killed a death knight
 10071 | D:12     | Noticed a two-headed ogre
 10206 | D:12     | Noticed a two-headed ogre
 10229 | D:12     | Killed a two-headed ogre
 10231 | D:12     | Reached **** piety under Makhleb
 10256 | D:12     | Reached skill level 14 in Spellcasting
 10303 | D:12     | Found a viscous altar of Jiyva.
 10349 | D:12     | Reached XP level 13. HP: 79/86 MP: 0/0
 10349 | D:12     | Learned a level 5 spell: Silence
 10546 | D:12     | Found Dyrokir's Book Shoppe.
 10652 | D:12     | Found a staircase to the Orcish Mines.
 10665 | D:12     | Reached ***** piety under Makhleb
 10730 | D:13     | Noticed a boulder beetle
 10923 | D:12     | Killed a boulder beetle
 11275 | D:13     | Noticed a centaur warrior
 11321 | D:13     | Killed a centaur warrior
 11372 | D:13     | Noticed a catoblepas
 11395 | D:13     | Killed a catoblepas
 11494 | D:13     | Noticed a centaur warrior
 11503 | D:13     | Killed a centaur warrior
 11627 | D:13     | Reached skill level 15 in Spellcasting
 11729 | D:13     | Noticed a centaur warrior
 11747 | D:13     | Killed a centaur warrior
 11783 | D:13     | Noticed a centaur warrior
 11807 | D:13     | Killed a centaur warrior
 11844 | D:13     | Reached skill level 1 in Shields
 12094 | D:13     | Found a gate to the Vaults.
 12094 | D:13     | Noticed a vault guard
 12094 | D:13     | Noticed a vault guard
 12094 | D:13     | Noticed a vault guard
 12103 | D:13     | Killed a vault guard
 12135 | D:13     | Killed a vault guard
 12139 | D:13     | Reached XP level 14. HP: 94/94 MP: 0/0
 12405 | D:14     | Found Uqyhuyz's Weapon Shoppe.
 12469 | D:14     | Reached ****** piety under Makhleb
 12551 | D:14     | Noticed Nessos
 12835 | D:14     | Killed Nessos
 12865 | D:14     | Found a burning altar of Makhleb.
 12867 | D:14     | Noticed an Executioner
 13072 | D:14     | Upgraded the game from 0.28-a0-691-gad6df49e81 to
                  | 0.28-a0-697-g47f3eba078
 13422 | D:15     | Entered Level 15 of the Dungeon
 13557 | D:15     | Reached skill level 16 in Spellcasting
 13587 | D:15     | Found a transporter.
 13588 | D:15     | Found a transporter.
 13656 | D:15     | Found a bloodstained altar of Trog.
 13659 | D:15     | Noticed Zos Rek's ghost (adept DEFE)
 13855 | D:15     | Identified the +3 whip "Joihoyve" {vorpal, SInv}
 14392 | D:15     | Found a staircase to the Depths.
 14429 | D:15     | Noticed Roxanne
 14546 | D:15     | Killed Roxanne
 14687 | Orc:1    | Entered Level 1 of the Orcish Mines
 15086 | Orc:2    | Entered Level 2 of the Orcish Mines
 15147 | Orc:2    | Reached XP level 15. HP: 101/101 MP: 0/0
 15147 | Orc:2    | Learned a level 6 spell: Summon Cactus Giant
 15237 | Orc:2    | Found a staircase to the Elven Halls.
 15240 | Orc:2    | Noticed Sonja
 15249 | Orc:2    | Killed Sonja
 16067 | Orc:2    | Reached skill level 17 in Spellcasting
 16188 | Orc:2    | Found Yzxibrud's Antique Armour Boutique.
 16188 | Orc:2    | Found Pasoq's Weapon Boutique.
 16189 | Orc:2    | Found Weluharraj's Magic Scroll Boutique.
 16189 | Orc:2    | Found Plog's General Store.
 16502 | Lair:1   | Entered Level 1 of the Lair of Beasts
 16819 | Lair:1   | Reached skill level 10 in Armour
 17837 | Lair:2   | Found a hole to the Spider Nest.
 18311 | Lair:3   | Reached XP level 16. HP: 110/110 MP: 0/0
 18440 | Lair:3   | Noticed Gastronok
 18452 | Lair:3   | Killed Gastronok
 19343 | Lair:4   | Found a staircase to the Swamp.
 19397 | Lair:4   | Reached skill level 18 in Spellcasting
 20196 | Lair:5   | Found a staircase to the Slime Pits.
 20398 | Lair:5   | You are sucked into a shaft and drop 1 floor!
 20398 | Lair:6   | Entered Level 6 of the Lair of Beasts
 20573 | Lair:6   | Found a runed translucent door.
 21020 | Lair:6   | Reached skill level 10 in Fighting
 21377 | Lair:6   | Reached XP level 17. HP: 119/119 MP: 0/0
 21377 | Lair:6   | Learned a level 6 spell: Statue Form
 22063 | Orc:2    | Bought 3 scrolls of acquirement for 2184 gold pieces
 22063 | Orc:2    | Acquired a manual of Shields
 22065 | Orc:2    | Acquired a manual of Spellcasting
 22067 | Orc:2    | Acquired a +1 kite shield of positive energy
 22080 | Orc:2    | Acquired 861 gold pieces
 22391 | Swamp:1  | Entered Level 1 of the Swamp
 22565 | Swamp:1  | Reached skill level 19 in Spellcasting
 22788 | Swamp:1  | You are sucked into a shaft and drop 1 floor!
 22965 | Swamp:2  | Reached skill level 5 in Shields
 23561 | Swamp:2  | Noticed a thorn hunter
 23585 | Swamp:2  | Killed a thorn hunter
 24080 | Swamp:3  | Reached skill level 20 in Spellcasting
 24221 | Swamp:4  | Entered Level 4 of the Swamp
 24278 | Swamp:4  | Reached XP level 18. HP: 123/128 MP: 0/0
 24595 | Swamp:4  | Identified the +8 shortbow of Fundamental Breach {freeze,
                  | Int+4}
 24674 | Swamp:4  | Noticed a tentacled monstrosity
 25127 | Swamp:4  | Killed a tentacled monstrosity
 25421 | Swamp:4  | Got a decaying rune of Zot
 25655 | Spider:1 | Entered Level 1 of the Spider Nest
 25758 | Spider:1 | Noticed Rupert
 25796 | Spider:1 | Killed Rupert
 26515 | Spider:2 | Reached skill level 21 in Spellcasting
 26901 | Spider:2 | Identified the +7 chain mail "Dyjoicil" {+Blink Regen+
                  | SInv}
 27087 | Spider:3 | Reached XP level 19. HP: 136/136 MP: 0/0
 27087 | Spider:3 | Learned a level 7 spell: Haunt
 27310 | Spider:3 | Found a runed translucent gate.
 27310 | Spider:3 | Found a runed translucent gate.
 27310 | Spider:3 | Found a runed translucent gate.
 27341 | Spider:3 | Noticed spiderkeys's ghost (adept VSAK)
 27342 | Spider:3 | Noticed Pauttozis's ghost (adept CeHu)
 27343 | Spider:3 | Noticed freelancePsychic's ghost (adept FoFi)
 27343 | Spider:3 | Noticed Hoshis's ghost (adept MiBe)
 27522 | Spider:3 | Killed spiderkeys's ghost
 27575 | Spider:3 | Killed Pauttozis's ghost
 27584 | Spider:3 | Killed Hoshis's ghost
 27610 | Spider:3 | Identified the ring "Otadohuu" {rN+ Int+4}
 27646 | Spider:4 | Entered Level 4 of the Spider Nest
 27973 | Spider:4 | Identified the +0 chain mail of Uxorakua {Dex+2}
 28588 | Spider:4 | Got a gossamer rune of Zot
 29007 | Elf:1    | Entered Level 1 of the Elven Halls
 29203 | Elf:1    | Reached skill level 22 in Spellcasting
 29328 | Elf:1    | Reached XP level 20. HP: 123/144 MP: 0/0
 29734 | Elf:1    | Identified the +11 mace of Prescription {flame, rF+ Dex+4}
 30233 | Elf:2    | Noticed Asterion
 30304 | Elf:2    | Killed Asterion
 30595 | Elf:2    | Found a runed translucent gate.
 30596 | Elf:2    | Found a runed translucent gate.
 30596 | Elf:2    | Found a runed translucent gate.
 31362 | Elf:3    | Entered Level 3 of the Elven Halls
 31531 | Elf:3    | Reached skill level 10 in Shields
 31696 | Elf:3    | Reached XP level 21. HP: 152/152 MP: 0/0
 31696 | Elf:3    | Learned a level 7 spell: Orb of Destruction
 32345 | Elf:3    | Reached skill level 23 in Spellcasting
 32724 | Elf:3    | Gained mutation: You are clumsy. (Dex -2) [a cacodemon]
 33126 | Elf:3    | Identified the +4 scale mail of the Armoured One {rCorr
                  | Int+2 Slay+6}
 33393 | Orc:2    | Bought a twisted tower shield for 294 gold pieces
 33393 | Orc:2    | Identified the +8 tower shield "Pumuic" {Harm +Blink rPois
                  | rF-} (You bought it in a shop on level 2 of the Orcish
                  | Mines)
 33594 | D:7      | Bought a glimmering scale mail for 324 gold pieces
 33594 | D:7      | Identified the +0 scale mail of the Tuna {Will+ Str+7
                  | Dex+3} (You bought it in a shop on level 7 of the Dungeon)
 33741 | Vaults:1 | Entered Level 1 of the Vaults
 33819 | Vaults:1 | Found Kaupt's General Store.
 33827 | Vaults:1 | Bought a scroll of acquirement for 572 gold pieces
 33827 | Vaults:1 | Acquired the ring "Kameof" {rC++ Dex+6}
 34201 | Vaults:1 | Upgraded the game from 0.28-a0-697-g47f3eba078 to
                  | 0.28-a0-706-gf6f64a616a
 34262 | Vaults:1 | Reached XP level 22. HP: 159/160 MP: 0/0
 34432 | Vaults:1 | Reached skill level 15 in Fighting
 34623 | Vaults:1 | Found Puliduvo's Magic Scroll Boutique.
 35009 | Vaults:1 | Found Puyna's Book Emporium.
 35021 | Vaults:1 | Found Setej's Armour Boutique.
 35050 | Vaults:1 | Reached skill level 24 in Spellcasting
 35375 | Vaults:1 | Found Zuth's Distillery.
 35380 | Vaults:1 | Bought a potion of heal wounds for 100 gold pieces
 35380 | Vaults:1 | Bought a potion of haste for 200 gold pieces
 35967 | Vaults:2 | Noticed Mara
 35974 | Vaults:2 | Noticed rogsnak's illusion
 35981 | Vaults:2 | Killed Mara
 37274 | Vaults:3 | Reached XP level 23. HP: 122/168 MP: 0/0
 37274 | Vaults:3 | Learned a level 7 spell: Dragon Form
 38281 | Vaults:3 | Found a staircase to the Crypt.
 38281 | Vaults:3 | Found a basalt altar of Yredelemnul.
 38466 | Vaults:4 | Found a magical portal.
 38483 | WizLab   | Entered Zonguldrok's Shrine
 38697 | WizLab   | Noticed an antique lich
 38703 | WizLab   | Killed an antique lich
 38743 | WizLab   | Found the +9 sword of Zonguldrok {reap}
 38878 | Vaults:4 | Reached skill level 1 in Invocations
 39875 | Depths:1 | Entered Level 1 of the Depths
 39963 | Depths:1 | Found a gateway to Hell.
 40002 | Depths:1 | Found a shadowy altar of Dithmenos.
 40158 | Depths:1 | Reached skill level 25 in Spellcasting
 40555 | Depths:1 | Reached XP level 24. HP: 120/177 MP: 0/0
 40629 | Depths:1 | Noticed a golden dragon
 40638 | Depths:1 | Killed a golden dragon
 40959 | Depths:1 | Found a one-way gate to the infinite horrors of the Abyss.
 41789 | Depths:2 | Noticed a juggernaut
 41798 | Depths:2 | Killed a juggernaut
 41799 | Depths:2 | Reached skill level 15 in Armour
 41829 | Depths:2 | Noticed a juggernaut
 41835 | Depths:2 | Killed a juggernaut
 41982 | Depths:2 | Reached skill level 5 in Invocations
 42347 | Depths:2 | Identified the +3 halberd of Vianinal {spect, Will+++
                  | Str+2}
 42755 | Depths:2 | Found a gateway to a ziggurat.
 43017 | Depths:2 | Found a one-way gate leading to the halls of Pandemonium.
 43348 | Depths:3 | Noticed a golden dragon
 43352 | Depths:3 | Killed a golden dragon
 43429 | Depths:3 | Noticed the Enchantress
 43509 | Depths:3 | Found a sparkling altar of Nemelex Xobeh.
 43763 | Depths:3 | Noticed Xtahua
 43767 | Depths:3 | Killed Xtahua
 43796 | Depths:3 | Killed the Enchantress
 43804 | Depths:3 | Reached XP level 25. HP: 181/184 MP: 0/0
 43804 | Depths:3 | Learned a level 8 spell: Borgnjor's Revivification
 44107 | Depths:3 | Identified the ring of Suspected Treachery {rF+ Dex+6 SInv}
 44110 | Depths:3 | Reached skill level 26 in Spellcasting
 44127 | Depths:3 | Paralysed by a floating eye for 3 turns
 44204 | Depths:3 | Found a portal to a secret trove of treasure.
 44307 | Depths:4 | Entered Level 4 of the Depths
 44501 | Depths:4 | Identified the +7 chain mail "Adaam" {Dex+6 Slay-5}
 44869 | Depths:4 | Found a gate to the Realm of Zot.
 44941 | Depths:4 | Identified the +3 scimitar of the Piercing Bear {drain,
                  | Contam rC+ rN+ Str+4}
 45816 | Crypt:1  | Entered Level 1 of the Crypt
 46154 | Slime:1  | Entered Level 1 of the Pits of Slime
 46355 | Slime:1  | Gained mutation: You are very clumsy. (Dex -4) [a shining
                  | eye]
 46400 | Slime:3  | Gained mutation: You tend to lose your temper in combat. [a
                  | shining eye]
 46414 | Slime:3  | Lost mutation: You are very clumsy. (Dex -4) [potion of
                  | mutation]
 46414 | Slime:3  | Lost mutation: You are clumsy. (Dex -2) [potion of
                  | mutation]
 46414 | Slime:3  | Gained mutation: You are frail. (-10% HP) [potion of
                  | mutation]
 46414 | Slime:3  | Gained mutation: You are clumsy. (Dex -2) [potion of
                  | mutation]
 46414 | Slime:3  | Gained mutation: Armour fits poorly on your strangely
                  | shaped body. [potion of mutation]
 46414 | Slime:3  | Gained mutation: You have very sharp teeth. [potion of
                  | mutation]
 46415 | Slime:3  | Lost mutation: Armour fits poorly on your strangely shaped
                  | body. [potion of mutation]
 46415 | Slime:3  | Lost mutation: You are frail. (-10% HP) [potion of
                  | mutation]
 46415 | Slime:3  | Lost mutation: You tend to lose your temper in combat.
                  | [potion of mutation]
 46415 | Slime:3  | Gained mutation: Your muscles are strong. (Str +2) [potion
                  | of mutation]
 46415 | Slime:3  | Lost mutation: You are clumsy. (Dex -2) [potion of
                  | mutation]
 46415 | Slime:3  | Gained mutation: You expend health (3 HP) to strengthen
                  | your wands. [potion of mutation]
 46525 | Slime:5  | Entered Level 5 of the Pits of Slime
 46554 | Slime:5  | Noticed Dissolution
 46558 | Slime:5  | Killed Dissolution
 46579 | Slime:5  | Noticed the Royal Jelly
 46599 | Slime:5  | Reached XP level 26. HP: 193/193 MP: 0/0
 46704 | Slime:5  | HP: 8/193 [acid blob[the Royal Jelly] (16)]
 47860 | Pan      | Entered Pandemonium
 47976 | Pan      | Noticed Fesohet the pandemonium lord
 47990 | Pan      | Killed Fesohet the pandemonium lord
 47991 | Pan      | Reached skill level 15 in Shields
 48152 | Pan      | Noticed Muurokkorusk the pandemonium lord
 48233 | Pan      | Entered the realm of Cerebov.
 48676 | Pan      | Identified the +10 long sword "Koabb" {spect, Drain rC+++
                  | rN++ Str-4}
 48711 | Pan      | Identified the ring "Vinwyg" {rCorr Int+4}
 48729 | Pan      | Identified the amulet of Misest {Faith rN++}
 48834 | Pan      | Found the +6 sword of Cerebov {flame}
 48834 | Pan      | Noticed Cerebov
 49290 | Pan      | Mangled by Cerebov

Illustrated notes

Levels and vault maps discovered:
D:1:      minmay_arrival_cross, layout_loops_ring,
          hellmonk_ecumenical_altar_arch_garden, chequers_jeans,
          minmay_misc_feat_room
D:2:      layout_basic
D:3:      layout_loops_corners, hellmonk_ghost_happy_afterlife,
          minmay_misc_feat_rows, uniq_grinder
D:4:      layout_loops_corners, serial_shops, nicolae_shop_stone,
          minmay_misc_feat_cross, uniq_crazy_yiuf_cottage
D:5:      layout_basic, minmay_temple_entry_junction, nicolae_underground_beach
D:6:      layout_cave_pools
D:7:      layout_rooms, serial_shops, kennysheep_little_box, lightli_minifort
D:8:      layout_loops_ring, lair_entry_dummy, eino_tiny_chamber
D:9:      layout_big_octagon, hangedman_decor_push, glass_columns_b
D:10:     layout_loops_ring, lemuel_zombie_altar_kikubaaqudgha,
          minmay_diced_spiral, uniq_harold
D:11:     layout_roguey, minmay_shattered_shrine, uniq_erica
D:12:     layout_basic, kennysheep_orc_monster_closet_entryway, special_room
          [special_room_bee], serial_shops, shop, jiyva_altar_1
D:13:     layout_roguey [special_room_orc], lightli_vaults_fourway_checkpoint
D:14:     layout_basic, hangedman_decor_riveting, serial_shops, shop,
          makhleb_altar_promises_db, uniq_nessos
D:15:     grunt_enter_depths_hoard, layout_cave_pools,
          minmay_misc_feat_ornament, gammafunk_ghost_wrathful_warriors,
          uniq_roxanne
Temple:   compressed_dpeg_circular_temple
Lair:1:   layout_hall_layers, guppyfry_lair_drakes, lemuel_fruit_tree,
          serial_bayou_shore_a, serial_bayou_shore_b
Lair:2:   layout_hall_layers, spider_nest_entry_funnel_web
Lair:3:   layout_chaotic_city, uniq_gastronok
Lair:4:   layout_cave_shapes, nicolae_swamp_entry_splash_gauntlet,
          grunt_megastairs_1
Lair:5:   layout_loops_ring, nicolae_slime_entry_slimehenge, worms_lemuel,
          grunt_megastairs_4
Lair:6:   wormcave, layout_cave_pods, hangedman_lair_caniforms_friends,
          lemuel_fruit_fields
Swamp:1:  layout_basic_swamp, nicolae_swamp_tree_designs
Swamp:2:  layout_basic_swamp, evilmike_swamp_ruin_rubble_1, swamp_pool1,
          hangedman_swamp_diagram
Swamp:3:  layout_basic_swamp, infiniplex_staircase_pool
Swamp:4:  swamp_icy, layout_basic_swamp
Spider:1: layout_spider_delve, nicolae_spider_moth_buddies, uniq_rupert
Spider:2: layout_spider_delve, hangedman_spider_tarantella_strand
Spider:3: layout_spider_delve, gammafunk_ghost_cemetery
Spider:4: grunt_spider_rune_circles, spiders_nest_hornet_nest
Slime:1:  layout_caves
Slime:2:  layout_caves, basic_altar, cheibrodos_slime_lost_civilization_5
Slime:3:  layout_caves, amcnicky_altar_lugonu_corruption
Slime:4:  layout_caves
Slime:5:  uniq_dissolution
Orc:1:    layout_caves
Orc:2:    st_orc_pillars, layout_caves, basic_altar, uniq_sonja
Elf:1:    elf_arrival_002, layout_geoelf_diagonals, evilmike_minifort,
          minivault_15, guppyfry_library_mini, grunt_megastairs_5
Elf:2:    nicolae_elf_blades_crystal_corner, layout_geoelf_octagon,
          uniq_asterion
Elf:3:    minmay_elf_hall_four_x, layout_geoelf_octagon
Vaults:1: nicolae_vaults_network_periphery, nicolae_vaults_quartermaster,
          nicolae_vaults_little_ls, hangedman_vaults_pinch,
          vaults_mumra_hexcomb, nicolae_vaults_mini_display_case,
          hangedman_vaults_nails, grunt_vaults_bifocal,
          ontoclasm_vaults_decontamination, v_pattern_2,
          nicolae_vaults_diagonal_hallway_8, layout_vaults_omnicross,
          serial_shops, shop, nicolae_shop_statue_plus, shop, shop_statue,
          nicolae_square_shop
Vaults:2: nicolae_vaults_ring_of_whatevers, ontoclasm_vaults_shuriken,
          hangedman_vaults_cutoff, st_cells, grunt_vaults_diagonal,
          ontoclasm_vaults_gateway, nicolae_vaults_network_s,
          nicolae_vaults_asterisk, vaults_dpeg_encased_lava,
          layout_vaults_omnigrid, uniq_mara
Vaults:3: nicolae_vaults_octagons, nicolae_vaults_bisected_exclaves,
          nicolae_vaults_little_squares_6, v_misc_22,
          nicolae_vaults_network_square, vaults_dpeg_diagonal, v_misc_33,
          nicolae_vaults_little_squares_3, v_rooms_3, vaults_room_large_hall,
          minmay_crypt_entry_necro_gods, vaults_room_door_ring,
          ontoclasm_vaults_eye, v_misc_9, vaults_dpeg_ring,
          layout_vaults_maze_bifur
Vaults:4: mu_enter_wizlab_5, hangedman_vaults_maws, v_alt_pattern_6,
          nicolae_vaults_puzzle_piece, vaults_mumra_lcd, hangedman_vaults_hat,
          vaults_mumra_minichess_inversion, nicolae_vaults_circle_grid_b,
          v_alt_pattern_6, nicolae_vaults_ring_of_whatevers, layout_vaults_ring
Crypt:1:  layout_misc_corridors, lemuel_dead_fish_pool, minivault_14,
          serial_sigils_hangedman_scratch, uniq_khufu
Depths:1: nzn_winding_woodlands_three_and_one
          [nzn_winding_woodlands_5x15_concentric,
          nzn_winding_woodlands_5x15_pockets, nzn_winding_woodlands_5x15_parted,
          nzn_winding_woodlands_center_diamonds], layout_basic, hell_entry,
          nrook_mini_vaults, abyss_entry_glasseish,
          nicolae_dithmenos_the_darkroom, serial_bayou_shore_b
Depths:2: minmay_four_inscribed_fans, layout_gridlike, enter_ziggurat_d,
          grunt_hell_entry_dis_grunt, rand_demon_pan_entry_5
Depths:3: kennysheep_four_of_diamonds, layout_basic,
          nemelex_xobeh_ov_fountains_minmay, abyss_entry,
          nicolae_trove_entry_isolated, pf_coc_iceberg, fiery_altar_vehumet,
          uniq_enchantress, uniq_xtahua
Depths:4: grunt_x_marks_the_spot, layout_cave_pools,
          hangedman_abyss_or_decor_clamps, hell_entry, serial_bayou_shore_b
Pan:      evilmike_mini_pan_diamond, layout_gridville, pan_blood_fountain,
          nicolae_pan_glass_arcs, layout_small_grid, pan_blood_fountain_small,
          cerebov_grunt, layout_stronghold

Skill      XL: |  1  2  3  4  5  6  7  8  9 10 11 12 13 14 15 16 17 18 19 20 21 22 23 24 25 26 |
---------------+-------------------------------------------------------------------------------+-----
Spellcasting   | 3 4 5 6 8 9 11 12 14 15 16 17 18 20 21 22 23 24 25 26 | 26.7
Stealth        | 2 |  2.0
Fighting       | 2 3 4 5 6 7 8 10 11 12 13 14 15 16 17 18 | 18.4
Dodging        | 4 5 6 7 8 9 |  9.5
Armour         | 1 4 5 8 9 10 11 12 13 14 15 | 15.7
Shields        | 1 2 3 5 7 8 10 12 13 14 15 | 15.4
Invocations    | 3 6 8 9 |  9.5
Long Blades    | |  0.1
Evocations     | |  0.2

Action                   |  1- 3 |  4- 6 |  7- 9 | 10-12 | 13-15 | 16-18 | 19-21 | 22-24 | 25-27 || total
-------------------------+-------+-------+-------+-------+-------+-------+-------+-------+-------++-------
Melee: Dagger            |     1 |     1 |    54 |       |       |       |       |       |       ||    56
       Short sword       |     2 |       |       |       |       |       |       |       |       ||     2
       Mace              |     4 |     7 |       |       |       |       |   197 |   430 |   392 ||  1030
       War axe           |       |       |    17 |    55 |   167 |    30 |       |       |       ||   269
       Scimitar          |       |       |       |    72 |   316 |   584 |   138 |       |       ||  1110
       Double sword      |       |       |       |       |       |       |       |    24 |       ||    24
       Bite              |       |       |       |       |       |       |       |       |    49 ||    49
 Cast: Magic Dart        |    71 |    27 |     6 |     6 |     1 |     2 |     6 |     1 |     1 ||   121
       Foxfire           |     8 |    25 |   105 |   104 |   158 |   270 |    33 |    14 |    33 ||   750
       Poisonous Vapours |       |    20 |    57 |   239 |   523 |   377 |   407 |   303 |    90 ||  2016
       Mephitic Cloud    |       |       |     4 |    53 |   154 |   151 |   152 |   170 |    40 ||   724
       Conjure Flame     |       |       |       |    10 |    25 |    57 |     2 |       |       ||    94
       Blink             |       |       |       |     8 |     4 |    13 |     2 |     6 |    14 ||    47
       Slow              |       |       |       |     1 |     1 |     1 |       |       |       ||     3
       Irradiate         |       |       |       |       |    17 |    23 |    27 |       |       ||    67
       Silence           |       |       |       |       |     2 |       |       |       |       ||     2
       Summon Cactus Gia |       |       |       |       |    34 |    94 |    73 |    68 |    58 ||   327
       Statue Form       |       |       |       |       |       |     3 |       |       |     1 ||     4
       Haunt             |       |       |       |       |       |       |    44 |    70 |    66 ||   180
       Gell's Gravitas   |       |       |       |       |       |       |     1 |       |       ||     1
       Orb of Destructio |       |       |       |       |       |       |    75 |   227 |   215 ||   517
Evoke: Wand              |       |       |       |       |     6 |       |     1 |       |     1 ||     8
  Use: Scroll            |       |       |       |       |    10 |    13 |    13 |     2 |     8 ||    46
       Potion            |       |       |       |       |       |       |     1 |       |     2 ||     3
 Stab: Sleeping          |       |     1 |     2 |       |       |       |       |       |       ||     3
       Confused          |       |       |       |     1 |    17 |    20 |    21 |    39 |     3 ||   101
       Distracted        |       |       |       |       |       |     2 |       |     1 |     4 ||     7
Armor: Robe              |     3 |     1 |    26 |    11 |       |       |       |       |       ||    41
       Chain mail        |       |       |       |   179 |   499 |   878 |   380 |   361 |   386 ||  2683
       Skin              |       |       |       |       |       |    51 |       |       |       ||    51
Dodge: Dodged            |     9 |    11 |    69 |    89 |   145 |   318 |   116 |   139 |   221 ||  1117
Block: Buckler           |       |       |       |       |    75 |   103 |       |       |       ||   178
       Kite shield       |       |       |       |       |       |   278 |   308 |   464 |   541 ||  1591

Table legend: (Time is in decaauts)
 A = Elapsed time spent in this place.
 B = Non-inter-level travel time spent in this place.
 C = Inter-level travel time spent in this place.
 D = Time resting spent in this place.
 E = Time spent auto-exploring this place.
 F = Levels seen in this place.
 G = Mean time per level.
                   A        B        C        D        E       F      G
               +--------+--------+--------+--------+--------+-----+--------+
         Total |  50747 |  46295 |   4452 |   3656 |  21513 |  53 |  957.5 |
       Dungeon |  16572 |  14462 |   2110 |   1530 |   7427 |  15 | 1104.8 |
        Temple |    107 |    107 |      0 |      0 |     55 |   1 |  107.0 |
          Lair |   6352 |   5496 |    856 |     95 |   3083 |   6 | 1058.7 |
         Swamp |   3187 |   3030 |    157 |    247 |   1307 |   4 |  796.8 |
   Spider Nest |   3247 |   3155 |     92 |     27 |   1766 |   4 |  811.8 |
    Slime Pits |   1410 |   1375 |     35 |    381 |     72 |   5 |  282.0 |
  Orcish Mines |   2035 |   1736 |    299 |     83 |    702 |   2 | 1017.5 |
   Elven Halls |   4421 |   4244 |    177 |    277 |   1543 |   3 | 1473.7 |
        Vaults |   6070 |   5668 |    402 |    422 |   2647 |   4 | 1517.5 |
         Crypt |      1 |      0 |      1 |      0 |      0 |   1 |    1.0 |
        Depths |   5478 |   5159 |    319 |    225 |   2775 |   4 | 1369.5 |
   Pandemonium |   1510 |   1510 |      0 |    369 |    131 |   3 |  503.3 |
        Wizlab |    351 |    351 |      0 |      0 |      4 |   1 |  351.0 |
               +--------+--------+--------+--------+--------+-----+--------+

Top non-repeatable levels by time:
   Elf:3: 1846 daAuts
Vaults:1: 1831 daAuts
     D:1: 1716 daAuts
    D:13: 1686 daAuts
Vaults:3: 1655 daAuts
Depths:2: 1653 daAuts
Vaults:2: 1520 daAuts
  Lair:6: 1511 daAuts
Depths:1: 1478 daAuts
   Orc:2: 1362 daAuts
 Swamp:4: 1340 daAuts
    D:11: 1334 daAuts
    D:12: 1327 daAuts
    D:15: 1310 daAuts
   Elf:2: 1289 daAuts
